Map: Backwater LE

Players

Pacane

  • Race: Zerg Zerg
  • League: Gold
  • Spawn Location: 5:00

accorn - Winner!

  • Race: Terran Terran
  • League: Gold
  • Spawn Location: 11:00

VOD

Have the link to the VOD?

Description

Time

  • Played on: March 3, 2018, 8:40 a.m.
  • Length: 5:32
Show
View Real Time Build Order
Export as new Build Order

Pacane Zerg 

Build Orders: Hatch First 

Get SALT Encoding   

  12  0:01  Drone  
  13  0:12  Overlord  
  13  0:18  Drone  
  14  0:30  Drone  
  14  0:31  Drone  
  14  0:34  Drone  
  17  0:55  Drone  
  17  0:56  Hatchery  
  17  0:59  Drone  
  18  1:10  Extractor  
  17  1:14  Spawning Pool  
  17  1:17  Drone  
  17  1:20  Drone  
  18  1:41  Drone x2  
  20  1:59  Overlord  
  20  2:04  Queen  
  22  2:14  Zergling x4  
  22  2:15  Zergling x2  
  25  2:17  Queen  
  25  2:20  Zergling x2  
  28  2:28  Zergling x2  
  29  2:37  Zergling x4  
  29  2:41  Zergling x2  
  27  3:00  Zergling x4  
  24  3:09  Zergling x6  
  25  3:16  Zergling x6  
  27  3:27  Queen  
  24  3:44  Drone x4  
  27  3:51  Overlord x2  
  27  3:57  Spawning Pool  
  27  3:59  Drone x2  
  25  4:44  Queen  
  19  4:53  Spine Crawler  
  19  4:55  Zergling x4  
  19  4:56  Spine Crawler  
Show
View Real Time Build Order
Export as new Build Order

accorn Terran - Winner!

Build Orders:  

Get SALT Encoding   

  12  0:14  Supply Depot  
  12  0:50  Barracks  
  12  0:51  Barracks  
  12  1:06  Barracks  
  12  1:21  Supply Depot  
  12  1:37  Marine  
  12  1:38  Marine  
  14  1:53  Marine  
  15  1:54  Marine  
  15  1:56  Marine  
  17  2:11  Marine  
  17  2:12  Marine  
  17  2:14  Marine  
  20  2:29  Marine  
  21  2:30  Marine  
  21  2:32  Marine  
  23  2:47  Marine  
  23  2:48  Marine  
  23  2:49  Marine  
  22  3:05  Marine  
  20  3:07  Marine x2  
  20  3:23  Marine  
  20  3:25  Marine x2  
  23  3:40  Marine  
  22  3:43  Marine x2  
  15  3:58  Marine  
  15  4:00  Marine  
  15  4:01  Marine  
  18  4:16  Marine  
  19  4:18  Marine x2  
  20  4:34  Marine  
  20  4:36  Marine x2  
  20  4:52  Marine  
  21  4:54  Marine x2  
  23  5:09  Marine  
  23  5:12  Marine x2  
Tags
 
League
GoldGold
Matchup
TvZ
Spawn Locations
Cross Positions
Add a new tag
Caveats
  • Supply blocks, unpowered buildings, or Contaminate may cause inaccurate times.
  • Supply counts are checked every 10 seconds.